 Dungeon Crawl Stone Soup version 0.21.0 (webtiles) character file.

371 AgrsvlyMoist the Chopper (level 6, -8/51 HPs)
             Began as a Minotaur Fighter on July 25, 2018.
             Mangled by an orc priest
             ... wielding a +0 war axe
              (9 damage)
             ... on level 4 of the Dungeon on July 26, 2018.
             The game lasted 00:17:17 (3203 turns).

AgrsvlyMoist the Chopper (Minotaur Fighter)         Turns: 3203, Time: 00:17:17

Health: -8/51      AC:  6    Str: 23    XL:     6   Next: 42%
Magic:  5/5        EV:  9    Int:  5    God:
Gold:   102        SH:  0    Dex:  9    Spells: 5/5 levels left

rFire    . . .     SeeInvis .   a - +0 war axe
rCold    . . .     Gourm    .   (no shield)
rNeg     . . .     Faith    .   b - +0 scale mail
rPois    .         Spirit   .   (helmet restricted)
rElec    .         Reflect  .   (no cloak)
rCorr    .         Harm     .   (no gloves)
MR       .....                  (no boots)
Stlth    ..........             (no amulet)
HPRegen  0.17/turn              (no ring)
MPRegen  0.09/turn              (no ring)

@: no status effects
A: retaliatory headbutt, horns 2
a: no special abilities


You were on level 4 of the Dungeon.
You were not hungry.

You visited 1 branch of the dungeon, and saw 4 of its levels.

You collected 102 gold pieces.

Inventory:

Hand Weapons
 a - a +0 war axe (weapon)
Missiles
 i - 120 stones (quivered)
Armour
 b - a +0 scale mail (worn)
 c - a +0 shield
 h - a +0 large shield
Scrolls
 m - a scroll of fog
 s - a scroll of blinking
Potions
 d - 3 potions of might
 e - a potion of curing {unknown}
 g - 2 potions of degeneration {unknown}
 k - a potion of flight {unknown}
 l - 2 potions of brilliance {unknown}
 q - a potion of ambrosia {unknown}
Comestibles
 f - 8 rations
 j - 4 chunks of flesh


   Skills:
 - Level 3.6 Fighting
 * Level 7.4 Axes
 - Level 3.6 Armour
 + Level 5.2 Shields


You had 5 spell levels left.
You didn't know any spells.

Dungeon Overview and Level Annotations

Branches:
Dungeon (4/15)
 Temple: D:4-7

Altars:


Innate Abilities, Weirdness & Mutations

You reflexively headbutt those who attack you in melee.
You have a pair of horns on your head.


Message History

The orc priest invokes the aid of Beogh against you.
Beogh smites you!
You slash the orc priest!
You kill the orc priest!
You closely miss the orc priest. The orc priest hits you with a war axe.
* * * LOW HITPOINT WARNING * * *
You hit the orc priest.
The orc priest is lightly wounded.
The orc priest mumbles some strange prayers to Beogh against you.
Beogh smites you!
* * * LOW HITPOINT WARNING * * *
You barely miss the orc priest.
The orc priest is lightly wounded.
The orc priest hits you with a war axe.
* * * LOW HITPOINT WARNING * * *
You hit the orc priest but do no damage.
You headbutt the orc priest!
The orc priest is severely wounded.
The orc priest hits you with a war axe!
You die...

### +... #.. +..) #.#
#### #.# #### #######.###
#### ..........#######
######.#...#####
.########## ##<.###.....#
....o.oo@.###..## #......
.########.....#####......
#####..............
#......###.........
#..#######..##...... #
..##.>#...# .# ..######
.#


You could see 3 orc priests.

Vanquished Creatures
  A centaur (D:2)
  2 orc priests
  An iguana (D:4)
  A worker ant (D:4)
  Terence (D:3)
  6 adders
  An ooze (D:3)
  2 worms
  4 dart slugs
  10 orcs
  A ball python (D:4)
  3 bats
  4 giant cockroaches
  13 goblins
  6 hobgoblins
  4 quokkas
  4 frilled lizards
  6 kobolds
  7 rats
77 creatures vanquished.

Notes
Turn   | Place    | Note
-------+----------+-------------------------------------------
     0 | D:1      | AgrsvlyMoist the Minotaur Fighter began the quest for the Orb.
     0 | D:1      | Reached XP level 1. HP: 19/19 MP: 0/0
   124 | D:1      | Reached skill level 3 in Axes
   136 | D:1      | Reached XP level 2. HP: 25/26 MP: 1/1
   275 | D:1      | Reached skill level 4 in Axes
   470 | D:1      | Reached XP level 3. HP: 31/31 MP: 2/2
  1027 | D:2      | Noticed a centaur
  1041 | D:2      | Reached skill level 5 in Axes
  1042 | D:2      | Killed a centaur
  1042 | D:2      | Reached XP level 4. HP: 6/39 MP: 3/3
  1042 | D:2      | Reached XP level 5. HP: 7/45 MP: 4/4
  1294 | D:2      | Reached skill level 6 in Axes
  1982 | D:3      | Noticed Terence
  1990 | D:3      | Killed Terence
  2885 | D:4      | Reached XP level 6. HP: 51/51 MP: 5/5
  2907 | D:4      | Reached skill level 7 in Axes
  2907 | D:4      | Reached skill level 5 in Shields
  3201 | D:4      | HP: 1/51 [orc priest/war axe (3)]
  3203 | D:4      | Mangled by an orc priest

Skill      XL: |  1  2  3  4  5  6 |
---------------+-------------------+-----
Axes           | 3 4 5 6 7 |  7.4
Shields        | 4 5 |  5.2
Fighting       | |  3.6
Armour         | |  3.6

Action                   |  1- 3 |  4- 6 || total
-------------------------+-------+-------++-------
Melee: War axe           |    66 |    90 ||   156
       Headbutt          |    11 |    15 ||    26
Throw: Stone             |    22 |    72 ||    94
  Use: Scroll            |     2 |     5 ||     7
       Potion            |     2 |       ||     2
  Eat: Chunk             |       |     7 ||     7
Armor: Scale mail        |    21 |    10 ||    31
       Ring mail         |     9 |    12 ||    21
Dodge: Dodged            |    19 |    36 ||    55
Block: Shield            |    21 |       ||    21
